Map: Emerald City CE

Players

Ekelpack

  • Race: Zerg Zerg
  • Spawn Location: 11:00

Nyck

  • Race: Terran Terran
  • Spawn Location: 11:00

carasol - Winner!

  • Race: Protoss Protoss
  • League: Diamond
  • Spawn Location: 5:00

IIIIIIIIIIII - Winner!

  • Race: Protoss Protoss
  • League: Diamond
  • Spawn Location: 5:00

VOD

Have the link to the VOD?

Description

Time

  • Played on: April 15, 2025, 1:11 p.m.
  • Length: 18:11
Show
View Real Time Build Order
Export as new Build Order

Ekelpack Zerg 

Build Orders: Hatch First 

Get SALT Encoding   

  12  0:01  Drone  
  13  0:13  Overlord  
  13  0:17  Drone  
  14  0:31  Drone x2  
  14  0:35  Drone  
  17  0:55  Drone  
  18  0:57  Hatchery  
  18  0:59  Drone  
  18  1:02  Extractor  
  17  1:15  Spawning Pool  
  16  1:50  Hatchery  
  15  2:02  Queen, Zergling x6  
  20  2:10  Metabolic Boost  
  20  2:18  Overlord  
  20  2:35  Drone  
  20  2:36  Drone  
  22  2:39  Extractor  
  21  2:48  Lair  
  21  2:50  Drone  
  22  3:08  Queen  
  22  3:10  Drone  
  25  3:15  Drone x5  
  30  3:22  Drone  
  30  3:26  Drone  
  32  3:30  Drone  
  32  3:32  Extractor  
  31  3:47  Zergling x6  
  31  3:48  Zergling x6  
  35  3:58  Overlord  
  35  4:15  Zergling x2  
  35  4:23  Zergling x8, Spire  
  38  4:30  Evolution Chamber  
  38  4:32  Hydralisk Den  
  37  4:41  Zergling x6  
  37  4:42  Zergling x4  
  42  5:09  Overlord x2  
  42  5:13  Drone  
  43  5:15  Overlord  
  43  5:19  Extractor  
  42  5:26  Grooved Spines, Zerg Missile Weapons Level 1  
  42  5:33  Drone x3  
  45  5:43  Drone x6  
  45  5:47  Drone x3  
  54  5:55  Drone  
  54  6:19  Muscular Augments  
  54  6:32  Overlord  
  54  6:33  Hydralisk x5  
  54  6:34  Hydralisk  
  66  6:53  Pneumatized Carapace  
  66  7:01  Queen  
  68  7:09  Overlord, Hydralisk x2  
  68  7:10  Hydralisk  
  74  7:18  Spore Crawler  
  74  7:20  Drone x2  
  74  7:22  Overlord  
  75  7:53  Hydralisk x3  
  75  7:54  Hydralisk x5  
  91  8:12  Overlord  
  91  8:13  Zerg Missile Weapons Level 2  
  91  8:29  Overlord  
  91  8:34  Hatchery  
  90  8:43  Overlord  
  90  8:50  Overlord, Hydralisk  
  90  8:51  Infestation Pit, Hydralisk x8  
  107  9:19  Hydralisk  
  107  9:20  Overlord, Hydralisk x4  
  117  9:29  Hive  
  117  9:30  Overlord  
  117  9:51  Hydralisk  
  117  9:52  Hydralisk x6  
  121  10:17  Zergling x8  
  121  10:19  Drone x4  
  130  10:35  Drone x7  
  133  10:43  Zerg Missile Weapons Level 3  
  133  10:49  Drone  
  135  10:50  Drone x2  
  135  10:53  Extractor  
  135  10:54  Extractor  
  132  11:26  Overlord x2  
  132  11:35  Drone x2  
  132  11:36  Queen  
  136  11:50  Overlord  
  136  11:58  Overlord  
  136  12:05  Hatchery  
  135  12:33  Unknown  
  135  12:36  Overlord  
  135  12:37  Overlord x4, Hydralisk x2  
  135  12:38  Hydralisk x12  
  163  12:55  Extractor  
  163  12:58  Extractor  
  161  13:04  Drone x11  
  172  13:21  Zerg Ground Armor Level 1  
  172  13:26  Hydralisk  
  172  13:27  Hydralisk x7  
  188  13:44  Drone x2  
  190  13:49  Hydralisk x5  
  190  13:55  Overseer x3  
  197  14:26  Hydralisk  
  199  15:14  Zerg Ground Armor Level 2  
  199  15:16  Adrenal Glands  
  199  15:23  Ultralisk Cavern  
  154  15:58  Hydralisk  
  154  15:59  Hydralisk x14  
  154  16:00  Hydralisk x7  
  120  16:15  Hydralisk x14  
  136  16:19  Hydralisk x2  
  136  16:20  Hydralisk  
  142  16:27  Hydralisk  
  142  16:28  Hydralisk x2  
  148  16:33  Overseer x3  
  122  16:50  Hydralisk x3  
  122  16:51  Hydralisk x5  
  138  16:59  Hydralisk x4  
  138  17:00  Hydralisk  
  78  17:39  Hydralisk x9  
Show
View Real Time Build Order
Export as new Build Order

Nyck Terran 

Build Orders:  

Get SALT Encoding   

  12  0:00  SCV  
  13  0:12  SCV  
  14  0:17  Supply Depot  
  14  0:24  SCV  
  15  0:38  SCV  
  15  0:39  Barracks  
  16  0:46  Refinery  
  16  0:50  SCV  
  17  1:04  Barracks  
  17  1:32  Marine  
  18  1:44  Supply Depot  
  17  1:55  Marine  
  17  1:56  Marine  
  19  2:03  Orbital Command  
  19  2:08  Refinery  
  19  2:12  Factory  
  19  2:22  Marine  
  20  2:23  Marine  
  20  2:29  SCV  
  22  2:42  SCV  
  23  2:59  Marine x2  
  23  3:05  SCV  
  26  3:07  Factory Tech Lab  
  26  3:11  Starport  
  26  3:22  SCV  
  27  3:36  Command Center  
  26  3:55  Marine x2  
  24  3:58  SCV  
  26  4:10  Siege Tank  
  26  4:13  Marine x2  
  31  4:35  Supply Depot  
  31  4:47  Marine, Medivac  
  34  5:11  Siege Tank  
  34  5:12  Marine x2  
  39  5:17  Medivac  
  39  5:19  Orbital Command  
  41  5:37  SCV  
  42  5:44  Command Center  
  42  5:47  SCV, Refinery  
  42  5:49  Refinery  
  43  5:53  Marine  
  43  5:54  Marine  
  45  6:04  SCV x2  
  47  6:11  Siege Tank  
  50  6:12  Starport Reactor  
  50  6:16  SCV x2  
  52  6:19  Starport  
  52  6:25  Armory  
  52  6:33  SCV x2  
  54  6:56  Barracks Tech Lab, Barracks Reactor, Viking x2  
  54  6:59  Starport Reactor  
  58  7:14  Command Center  
  58  7:19  Marine  
  59  7:24  Terran Ship Weapons Level 1  
  59  7:32  SCV  
  59  7:33  SCV, Marine  
  59  7:34  Marine  
  63  7:46  Orbital Command  
  63  7:50  SCV x2  
  65  7:58  Viking x2  
  69  8:10  Supply Depot  
  69  8:25  SCV x3  
  72  8:29  Starport  
  72  8:33  Supply Depot  
  72  8:34  Orbital Command  
  72  8:37  SCV x3  
  75  8:46  Thor  
  81  8:49  Viking x3  
  87  8:56  Supply Depot  
  87  8:59  Armory  
  87  9:03  Engineering Bay  
  87  9:04  SCV x3  
  90  9:12  SCV  
  90  9:16  SCV x3  
  94  9:17  Marine x3  
  94  9:18  Terran Vehicle And Ship Armor Level 1  
  94  9:19  Viking  
  94  9:20  Supply Depot  
  94  9:21  Starport Reactor  
  94  9:24  SCV, Viking  
  102  9:29  SCV x3  
  105  9:45  SCV x3  
  107  9:46  Supply Depot, SCV  
  107  9:47  Thor  
  115  9:57  SCV  
  116  10:08  SCV x2, Viking x2  
  116  10:09  Supply Depot  
  122  10:18  Missile Turret  
  122  10:30  Marine x2  
  122  10:31  Marine  
  122  10:32  Supply Depot, Thor  
  131  10:38  Missile Turret  
  131  10:42  Supply Depot  
  131  10:45  Missile Turret  
  131  10:49  Refinery  
  131  10:50  Refinery  
  131  10:53  Viking x4  
  139  10:58  Missile Turret  
  139  11:00  Refinery  
  139  11:02  Refinery  
  139  11:04  Viking x2  
  143  11:17  Missile Turret  
  143  11:23  Viking  
  145  11:28  Viking  
  145  11:32  Supply Depot  
  147  11:36  Missile Turret, Terran Vehicle And Ship Armor Level 2  
  147  11:37  Terran Ship Weapons Level 2  
  147  11:40  Supply Depot  
  147  11:44  Terran Infantry Weapons Level 1  
  147  11:53  Viking x4  
  155  11:54  Supply Depot  
  155  11:55  SCV  
  156  12:01  SCV x3  
  156  12:02  Supply Depot  
  156  12:07  Viking  
  156  12:08  Viking  
  163  12:13  Command Center  
  163  12:16  Supply Depot, Thor  
  169  12:25  Supply Depot  
  169  12:26  Starport  
  169  12:36  SCV  
  169  12:37  SCV x3  
  171  13:04  Starport  
  171  13:19  Thor  
  177  13:20  Viking  
  177  13:21  Viking x4  
  177  13:22  Viking  
  177  13:23  Starport Reactor  
  189  13:36  Orbital Command  
  189  13:40  Refinery  
  189  13:41  Terran Infantry Weapons Level 2  
  189  13:42  Starport  
  189  13:46  Starport Reactor  
  189  13:52  Viking  
  189  13:53  Viking x4  
  199  13:58  Terran Vehicle And Ship Armor Level 3  
  199  13:59  Terran Ship Weapons Level 3  
  199  14:11  Refinery  
  199  15:05  Command Center  
  123  15:57  Viking  
  123  15:58  Viking x9  
  113  16:15  Thor  
  111  16:18  Viking  
  106  16:27  Viking  
  106  16:28  Viking x9  
  111  16:40  Orbital Command  
  105  16:48  Viking  
  107  16:57  Viking  
  107  16:58  SCV x4, Viking x9  
  131  17:18  Viking  
  133  17:27  Viking  
  133  17:28  Viking x9  
Show
View Real Time Build Order
Export as new Build Order

carasol Protoss - Winner!

Build Orders: Carriers, Mass Adepts 

Get SALT Encoding   

  12  0:00  Probe  
  13  0:18  Probe  
  14  0:27  Pylon  
  14  0:30  Probe  
  15  0:45  Probe  
  15  0:46  Gateway  
  16  0:55  Assimilator  
  16  0:57  Probe  
  16  1:01  Assimilator  
  17  1:09  Probe  
  18  1:13  Pylon  
  18  1:21  Probe  
  19  1:33  Cybernetics Core, Probe  
  20  1:44  Pylon  
  20  1:45  Probe  
  21  1:48  Warp Gate  
  21  1:57  Probe  
  22  2:03  Gateway  
  22  2:09  Probe  
  23  2:20  Gateway  
  23  2:35  Gateway  
  23  3:09  Forge  
  23  3:12  Pylon  
  23  3:13  Pylon  
  23  3:14  Pylon  
  23  3:30  Shield Battery  
  23  3:37  Adept x4  
  23  3:57  Adept x3  
  23  3:58  Adept  
  31  4:05  Pylon  
  31  4:26  Photon Cannon  
  31  4:38  Protoss Ground Weapons Level 1  
  31  4:43  Adept x3  
  31  4:44  Adept  
  39  5:04  Pylon  
  38  5:34  Nexus  
  38  5:36  Assimilator  
  38  5:40  Assimilator  
  38  5:47  Pylon  
  38  5:53  Adept x2  
  42  5:58  Adept  
  44  6:13  Photon Cannon  
  44  6:22  Pylon  
  44  6:24  Probe  
  45  6:33  Probe  
  46  6:42  Probe  
  46  6:44  Probe  
  47  6:50  Probe  
  47  6:52  Probe  
  50  7:01  Probe  
  50  7:02  Probe  
  50  7:08  Photon Cannon  
  52  7:13  Probe  
  52  7:15  Probe  
  54  7:23  Stargate  
  54  7:25  Probe  
  54  7:27  Probe  
  56  7:32  Protoss Air Weapons Level 1  
  56  7:38  Probe  
  56  7:39  Probe  
  58  7:50  Probe  
  59  7:51  Probe  
  60  8:01  Stargate  
  60  8:02  Probe  
  60  8:03  Oracle, Probe  
  62  8:14  Fleet Beacon, Probe  
  66  8:30  Pylon  
  66  8:32  Pylon  
  66  8:33  Pylon  
  66  8:35  Pylon  
  66  8:36  Pylon  
  66  8:40  Probe  
  67  8:49  Carrier x2  
  67  8:52  Probe  
  68  8:59  Protoss Shields Level 1  
  80  9:04  Probe  
  81  9:17  Cybernetics Core  
  81  9:31  Nexus  
  81  9:35  Assimilator  
  81  9:39  Assimilator  
  81  10:10  Carrier x2  
  93  10:19  Probe x2  
  95  10:31  Probe x2  
  97  10:36  Protoss Air Weapons Level 2, Protoss Air Armor Level 1  
  97  10:47  Probe x2  
  97  10:48  Probe  
  100  10:59  Probe  
  100  11:00  Probe x2  
  103  11:11  Probe  
  103  11:12  Probe x2  
  103  11:14  Carrier  
  112  11:23  Carrier  
  115  11:36  Stargate  
  115  11:38  Stargate  
  115  11:40  Stargate  
  115  11:48  Probe x3  
  118  12:00  Probe  
  119  12:09  Pylon  
  119  12:10  Pylon  
  119  12:11  Pylon, Carrier  
  119  12:13  Pylon  
  119  12:14  Pylon  
  119  12:15  Pylon  
  119  12:18  Pylon  
  119  12:22  Carrier x3  
  143  12:40  Carrier  
  127  13:13  Carrier  
  127  13:16  Carrier x2  
  133  13:20  Carrier  
  151  13:47  Pylon  
  151  13:51  Carrier  
  157  14:15  Twilight Council  
  157  14:17  Protoss Air Weapons Level 3  
  157  14:22  Protoss Air Armor Level 2  
  157  14:26  Carrier  
  163  14:49  Carrier  
  169  15:04  Carrier  
  175  15:13  Carrier  
  181  15:34  Carrier  
  187  15:56  Carrier  
  169  16:27  Carrier  
  169  16:44  Carrier  
  175  17:03  Carrier  
Show
View Real Time Build Order
Export as new Build Order

IIIIIIIIIIII Protoss - Winner!

Build Orders: Carriers 

Get SALT Encoding   

  12  0:00  Probe  
  13  0:12  Probe  
  14  0:17  Pylon  
  14  0:20  Probe  
  15  0:31  Probe  
  16  0:39  Forge  
  16  0:43  Probe  
  17  0:55  Probe  
  18  1:00  Pylon  
  18  1:19  Photon Cannon  
  18  1:22  Photon Cannon  
  18  1:27  Probe  
  19  1:34  Gateway  
  20  1:40  Probe  
  19  1:49  Pylon  
  18  1:55  Probe  
  18  1:58  Assimilator  
  18  2:00  Assimilator  
  19  2:08  Probe  
  20  2:17  Photon Cannon  
  20  2:19  Probe  
  20  2:22  Cybernetics Core  
  21  2:27  Probe  
  21  2:28  Zealot  
  24  2:42  Probe  
  25  3:00  Nexus  
  25  3:08  Pylon  
  25  3:14  Warp Gate  
  25  3:26  Adept, Probe  
  28  3:38  Probe  
  27  3:56  Probe  
  27  4:00  Stargate  
  28  4:03  Gateway  
  28  4:05  Gateway  
  28  4:07  Pylon  
  28  4:11  Probe  
  29  4:25  Probe x2  
  29  4:29  Photon Cannon  
  31  4:32  Gateway  
  31  4:36  Probe  
  31  4:37  Probe  
  35  4:54  Void Ray  
  35  4:56  Probe x2  
  37  5:13  Probe x2  
  39  5:16  Adept x3  
  45  5:23  Probe x2  
  45  5:28  Stalker  
  49  5:31  Probe x2  
  51  5:39  Probe x2  
  51  5:43  Pylon  
  51  5:44  Assimilator  
  53  5:51  Fleet Beacon  
  53  6:04  Gateway  
  53  6:05  Gateway, Photon Cannon  
  53  6:08  Gateway  
  53  6:18  Probe  
  53  6:19  Probe  
  55  6:28  Carrier  
  55  6:29  Assimilator, Pylon  
  55  6:30  Probe  
  55  6:31  Probe  
  57  6:43  Probe x2  
  59  6:51  Pylon  
  65  6:57  Photon Cannon  
  65  6:59  Gateway  
  65  7:03  Protoss Shields Level 1  
  65  7:07  Photon Cannon  
  65  7:13  Protoss Air Weapons Level 1  
  65  7:22  Carrier  
  65  7:24  Stargate  
  65  7:26  Pylon  
  71  8:00  Pylon  
  71  8:05  Stalker x3  
  73  8:06  Stalker x4  
  85  8:18  Carrier  
  91  8:23  Gateway  
  91  8:24  Pylon  
  91  8:25  Photon Cannon  
  91  8:49  Pylon  
  91  8:51  Pylon  
  91  8:55  Carrier, Pylon  
  97  8:59  Nexus  
  97  9:02  Pylon  
  97  9:09  Gateway  
  97  9:11  Gateway  
  97  9:14  Gateway  
  97  9:22  Photon Cannon  
  97  9:25  Photon Cannon  
  97  9:30  Probe x2  
  99  9:39  Gateway  
  99  9:41  Gateway  
  99  9:43  Photon Cannon  
  99  9:45  Probe  
  100  10:01  Carrier  
  106  10:18  Protoss Air Weapons Level 2, Carrier  
  112  10:30  Twilight Council  
  112  10:31  Probe  
  112  10:32  Probe x2  
  115  10:40  Probe x3  
  115  10:48  Probe x2  
  118  10:50  Assimilator  
  118  10:54  Assimilator  
  118  10:56  Pylon  
  120  11:04  Robotics Facility  
  120  11:06  Templar Archives  
  120  11:28  Carrier x2, Psionic Storm  
  120  11:32  Pylon  
  132  11:33  Probe  
  132  11:35  Protoss Shields Level 2, Pylon  
  132  11:39  Pylon  
  133  11:45  Observer  
  134  11:54  High Templar  
  134  11:55  High Templar  
  134  11:59  Observer  
  139  12:11  Nexus  
  139  12:13  Charge, High Templar x2  
  139  12:14  Pylon  
  143  12:17  Pylon  
  143  12:45  Gateway  
  143  12:47  Gateway  
  143  12:49  Gateway  
  143  12:51  Assimilator, Gateway  
  143  12:53  Photon Cannon  
  143  12:54  Photon Cannon  
  143  12:55  Assimilator  
  143  12:56  Photon Cannon  
  143  13:07  Photon Cannon  
  143  13:10  Shield Battery  
  143  13:12  Shield Battery  
  143  13:13  Shield Battery, High Templar x4  
  143  13:14  High Templar  
  143  13:15  Shield Battery  
  143  13:16  High Templar  
  155  13:35  High Templar  
  155  13:36  High Templar  
  155  13:38  Stalker x3  
  165  13:48  Robotics Bay  
  165  13:51  Protoss Shields Level 3  
  165  14:01  Protoss Air Weapons Level 3  
  165  14:14  Robotics Facility  
  165  14:32  Observer  
  162  14:49  High Templar x4  
  162  14:51  High Templar  
  172  15:06  Immortal x2  
  180  15:13  Zealot x5  
  190  15:14  Zealot x5  
  118  16:14  High Templar x6  
  118  16:15  High Templar x4  
  118  16:16  High Templar  
  134  16:23  Zealot x3  
  134  16:24  Zealot x4  
  148  16:31  Observer  
  148  16:32  Observer  
  143  16:51  Observer x2  
  145  16:58  Carrier  
  151  17:09  Immortal  
  131  17:43  Zealot x5  
  147  17:44  High Templar x2  
  147  17:46  Zealot x3  
  147  17:47  Zealot x5  
  147  17:48  Zealot x3  
Tags
 
Add a new tag
Caveats
  • Supply blocks, unpowered buildings, or Contaminate may cause inaccurate times.
  • Supply counts are checked every 10 seconds.